BOTTOM OF THE 1ST |
Gresham Gold Souls batting - Pitching for Albuquerque Isotopes : RHP Ron Martin
|
Pitching: RHP Ron Martin
|
|
Batting: SHB Jesús Sosa
|
0-0: Called Strike 0-1: Swinging Strike 0-2: SINGLE (Line Drive, 8LS)
|
Batting: RHB David Kerr
|
0-0: Ball 1-0: Ball 2-0: Grounds into double play, 4-6-3 (Groundball, 4M)
|
Batting: LHB Chance Santry
|
0-0: Ball 1-0: Ball 2-0: Ball 3-0: Foul Ball, location: 2F 3-1: Base on Balls
|
Batting: LHB Nick Scott
|
0-0: Called Strike 0-1: Called Strike 0-2: Strikes out swinging
|
Bottom of the 1st over - 0 run(s), 1 hit(s), 0 error(s), 1 left on base; Albuquerque 2 - Gresham 0 |
TOP OF THE 2ND |
Albuquerque Isotopes batting - Pitching for Gresham Gold Souls : RHP Jamal Clayton
|
Batting: LHB Phil Neal
|
0-0: Called Strike 0-1: Ball 1-1: Foul Ball, location: 2F 1-2: Ball 2-2: Ball 3-2: SOLO HOME RUN (Flyball, 89XD), Distance : 432 ft
|
Batting: RHB Raúl Bauza
|
0-0: Called Strike 0-1: Foul Ball, location: 2F 0-2: Ball 1-2: Ball 2-2: Fly out, F9 (Flyball, 89M)
|
Batting: RHB Jesse McKnight
|
0-0: Fly out, F9 (Flyball, 9S)
|
Batting: LHB Fernando Ortíz
|
0-0: Called Strike 0-1: SINGLE (Line Drive, 8RS)
|
Batting: SHB Edward Bartlett
|
0-0: Called Strike 0-1: Swinging Strike 0-2: Ball 1-2: Foul Ball, location: 2F 1-2: Fly out, F7 (Flyball, 7LS)
|
Top of the 2nd over - 1 run(s), 2 hit(s), 0 error(s), 1 left on base; Albuquerque 3 - Gresham 0 |
BOTTOM OF THE 2ND |
Gresham Gold Souls batting - Pitching for Albuquerque Isotopes : RHP Ron Martin
|
Batting: LHB Millard Dye
|
0-0: Called Strike 0-1: Ball 1-1: Foul Ball, location: 2F 1-2: Strikes out looking
|
Batting: RHB Jack Snyder
|
0-0: Foul Ball, location: 2F 0-1: Ball 1-1: Swinging Strike 1-2: Ball 2-2: Strikes out looking
|
Batting: RHB Matt Davidson
|
0-0: Called Strike 0-1: Ground out 4-3 (Groundball, 4M)
|
Bottom of the 2nd over - 0 run(s), 0 hit(s), 0 error(s), 0 left on base; Albuquerque 3 - Gresham 0 |
TOP OF THE 3RD |
Albuquerque Isotopes batting - Pitching for Gresham Gold Souls : RHP Jamal Clayton
|
Batting: LHB Bernardo Montés
|
0-0: Foul Ball, location: 2F 0-1: Swinging Strike 0-2: Ball 1-2: Foul Ball, location: 2F 1-2: Foul Ball, location: 2F 1-2: Foul Ball, location: 2F 1-2: Ball 2-2: Ball 3-2: SINGLE (Line Drive, 6D)
|
Batting: LHB José González
|
0-0: Ball 1-0: Called Strike 1-1: Fly out, F7 (Flyball, 7LS)
|
Batting: LHB Héctor Soto
|
0-0: Fly out, F7 (Flyball, 78M)
|
Batting: RHB Sam Wallace
|
0-0: Ball 1-0: TRIPLE (Line Drive, 3L) Bernardo Montés scores
|
Batting: LHB Phil Neal
|
0-0: Ball 1-0: Ball 2-0: Ball 3-0: Base on Balls
|
Batting: RHB Raúl Bauza
|
0-0: Swinging Strike 0-1: Ball 1-1: Ball 2-1: Ball 3-1: Fly out, F4 (Popup, 4)
|
Top of the 3rd over - 1 run(s), 2 hit(s), 0 error(s), 2 left on base; Albuquerque 4 - Gresham 0 |
BOTTOM OF THE 3RD |
Gresham Gold Souls batting - Pitching for Albuquerque Isotopes : RHP Ron Martin
|
Batting: RHB Tom Hughes
|
0-0: Ball 1-0: Called Strike 1-1: Ball 2-1: Foul Ball, location: 2F 2-2: Ball 3-2: Base on Balls
|
Batting: LHB Jeff Douglas
|
0-0: Foul Ball, location: 2F 0-1: Ground out U3 (Groundball, 2R) Tom Hughes to second
|
Batting: SHB Jesús Sosa
|
0-0: Ball 1-0: DOUBLE (Flyball, 8LXD) Tom Hughes scores
|
Batting: RHB David Kerr
|
0-0: Ball 1-0: Called Strike 1-1: Ball 2-1: Called Strike 2-2: Strikes out swinging
|
Batting: LHB Chance Santry
|
0-0: Ball 1-0: Foul Ball, location: 2F 1-1: Ball 2-1: Ball 3-1: Called Strike 3-2: Ground out 5-3 (Groundball, 5)
|
Bottom of the 3rd over - 1 run(s), 1 hit(s), 0 error(s), 1 left on base; Albuquerque 4 - Gresham 1 |
TOP OF THE 4TH |
Albuquerque Isotopes batting - Pitching for Gresham Gold Souls : RHP Jamal Clayton
|
Batting: RHB Jesse McKnight
|
0-0: Called Strike 0-1: Ball 1-1: Ground out 5-3 (Groundball, 56)
|
Batting: LHB Fernando Ortíz
|
0-0: Ball 1-0: Swinging Strike 1-1: Ground out 6-3 (Groundball, 6)
|
Batting: SHB Edward Bartlett
|
0-0: Called Strike 0-1: Ball 1-1: Ball 2-1: SINGLE (Line Drive, 78S)
|
Batting: LHB Bernardo Montés
|
0-0: Called Strike Edward Bartlett steals 2nd base 0-1: Foul Ball, location: 2F 0-2: Foul Ball, location: 2F 0-2: Ball 1-2: Foul Ball, location: 2F 1-2: Ball 2-2: Ground out 3-1 (Groundball, 34)
|
Top of the 4th over - 0 run(s), 1 hit(s), 0 error(s), 1 left on base; Albuquerque 4 - Gresham 1 |
BOTTOM OF THE 4TH |
Gresham Gold Souls batting - Pitching for Albuquerque Isotopes : RHP Ron Martin
|
Batting: LHB Nick Scott
|
0-0: Swinging Strike 0-1: SINGLE (Groundball, 4M) (infield hit)
|
Batting: LHB Millard Dye
|
0-0: Ball 1-0: DOUBLE (Flyball, 89XD) Nick Scott to third Runner from 3rd tries for Home, SAFE, no throw
|
Batting: RHB Jack Snyder
|
0-0: Called Strike 0-1: Ball 1-1: Ground out 6-3 (Groundball, 6)
|
Batting: RHB Matt Davidson
|
0-0: Ball 1-0: Ground out 6-3 (Groundball, 6)
|
Batting: RHB Tom Hughes
|
0-0: Ball 1-0: Called Strike 1-1: Foul Ball, location: 2F 1-2: Foul Ball, location: 2F 1-2: Ball 2-2: Strikes out swinging
|
Bottom of the 4th over - 1 run(s), 2 hit(s), 0 error(s), 1 left on base; Albuquerque 4 - Gresham 2 |
TOP OF THE 5TH |
Albuquerque Isotopes batting - Pitching for Gresham Gold Souls : RHP Jamal Clayton
|
Batting: LHB José González
|
0-0: Ball 1-0: Ball 2-0: Swinging Strike 2-1: Foul Ball, location: 2F 2-2: Strikes out swinging
|
Batting: LHB Héctor Soto
|
0-0: Ball 1-0: Foul Ball, location: 2F 1-1: Foul Ball, location: 2F 1-2: Ball 2-2: Foul Ball, location: 2F 2-2: Ball 3-2: Foul Ball, location: 2F 3-2: Fly out, F8 (Flyball, 89M)
|
Batting: RHB Sam Wallace
|
0-0: Swinging Strike 0-1: SINGLE (Line Drive, 6MD)
|
Batting: LHB Phil Neal
|
0-0: Ball 1-0: Called Strike Sam Wallace steals 2nd base 1-1: Ground out 5-3 (Groundball, 56S)
|
Top of the 5th over - 0 run(s), 1 hit(s), 0 error(s), 1 left on base; Albuquerque 4 - Gresham 2 |
BOTTOM OF THE 5TH |
Gresham Gold Souls batting - Pitching for Albuquerque Isotopes : RHP Ron Martin
|
Batting: LHB Jeff Douglas
|
0-0: Called Strike 0-1: Foul Ball, location: 2F 0-2: Strikes out swinging
|
Batting: SHB Jesús Sosa
|
0-0: Foul Ball, location: 2F 0-1: Swinging Strike 0-2: Ball 1-2: Foul Ball, location: 2F 1-2: Ball 2-2: Ball 3-2: SINGLE (Flyball, 7S)
|
Batting: RHB David Kerr
|
0-0: Ball Jesús Sosa is caught stealing 2nd base 1-0: Foul Ball, location: 2F 1-1: Foul Ball, location: 2F 1-2: Foul Ball, location: 2F 1-2: Ball 2-2: Ball 3-2: Foul Ball, location: 2F 3-2: Foul Ball, location: 2F 3-2: SINGLE (Flyball, 78S)
|
Batting: LHB Chance Santry
|
0-0: Called Strike 0-1: Ball 1-1: Ball 2-1: Foul Ball, location: 2F 2-2: SINGLE (Groundball, 15S) (infield hit) David Kerr to second
|
Batting: LHB Nick Scott
|
0-0: Called Strike 0-1: Called Strike 0-2: Ball 1-2: Strikes out swinging
|
Bottom of the 5th over - 0 run(s), 3 hit(s), 0 error(s), 2 left on base; Albuquerque 4 - Gresham 2 |
TOP OF THE 6TH |
Albuquerque Isotopes batting - Pitching for Gresham Gold Souls : RHP Jamal Clayton
|
Pitching: RHP António Rodríguez
|
|
Batting: RHB Raúl Bauza
|
0-0: Swinging Strike 0-1: Foul Ball, location: 2F 0-2: Ball 1-2: Ball 2-2: Ball 3-2: Foul Ball, location: 2F 3-2: Foul Ball, location: 2F 3-2: Strikes out swinging
|
Batting: RHB Jesse McKnight
|
0-0: Foul Ball, location: 2F 0-1: Called Strike 0-2: Strikes out swinging
|
Batting: LHB Fernando Ortíz
|
0-0: Ball 1-0: Fly out, F9 (Flyball, 9LMF)
|
Top of the 6th over - 0 run(s), 0 hit(s), 0 error(s), 0 left on base; Albuquerque 4 - Gresham 2 |
BOTTOM OF THE 6TH |
Gresham Gold Souls batting - Pitching for Albuquerque Isotopes : RHP Ron Martin
|
Batting: LHB Millard Dye
|
0-0: Ball 1-0: Called Strike 1-1: Ball 2-1: Foul Ball, location: 2F 2-2: Ball 3-2: Foul Ball, location: 2F 3-2: Fly out, F7 (Flyball, 78M)
|
Pitching: RHP Mike Frank
|
|
Batting: RHB Jack Snyder
|
0-0: Ball 1-0: Ground out 3-1 (Groundball, 34)
|
Batting: RHB Matt Davidson
|
0-0: Called Strike 0-1: Called Strike 0-2: Ball 1-2: Foul Ball, location: 2F 1-2: Ball 2-2: Ball 3-2: Base on Balls
|
Batting: RHB Tom Hughes
|
0-0: Ball 1-0: Foul Ball, location: 2F 1-1: Ball 2-1: Ball 3-1: Base on Balls Matt Davidson to second
|
Batting: LHB Jeff Douglas
|
0-0: 3-RUN HOME RUN (Flyball, 89D), Distance : 418 ft
|
Pitching: RHP Shiki Kanno
|
|
Batting: SHB Jesús Sosa
|
0-0: Swinging Strike 0-1: Called Strike 0-2: Ball 1-2: Ground out 3-1 (Groundball, 34)
|
Bottom of the 6th over - 3 run(s), 1 hit(s), 0 error(s), 0 left on base; Albuquerque 4 - Gresham 5 |
TOP OF THE 7TH |
Albuquerque Isotopes batting - Pitching for Gresham Gold Souls : RHP António Rodríguez
|
Batting: SHB Edward Bartlett
|
0-0: Foul Ball, location: 2F 0-1: Ball 1-1: Called Strike 1-2: Fly out, F8 (Flyball, 78S)
|
Batting: LHB Bernardo Montés
|
0-0: Fly out, F8 (Flyball, 8LD)
|
Batting: LHB José González
|
0-0: Ball 1-0: Ball 2-0: Fly out, F4 (Popup, 4)
|
Top of the 7th over - 0 run(s), 0 hit(s), 0 error(s), 0 left on base; Albuquerque 4 - Gresham 5 |
BOTTOM OF THE 7TH |
Gresham Gold Souls batting - Pitching for Albuquerque Isotopes : RHP Shiki Kanno
|
Batting: RHB David Kerr
|
0-0: Ball 1-0: Called Strike 1-1: Ground out 6-3 (Groundball, 6)
|
Pitching: LHP Sean Perry
|
|
Batting: LHB Chance Santry
|
0-0: Called Strike 0-1: Called Strike 0-2: SINGLE (Groundball, 34D)
|
Pinch Hitting: RHB Jim Villiers
|
0-0: Fly out, F7 (Flyball, 78D)
|
Pitching: RHP Germán Hernández
|
|
Batting: LHB Millard Dye
|
0-0: Called Strike 0-1: Called Strike 0-2: Ball 1-2: Strikes out swinging
|
Bottom of the 7th over - 0 run(s), 1 hit(s), 0 error(s), 1 left on base; Albuquerque 4 - Gresham 5 |
TOP OF THE 8TH |
Albuquerque Isotopes batting - Pitching for Gresham Gold Souls : RHP António Rodríguez
|
Pitching: RHP José González
|
|
Now in RF: Jim Villiers
|
|
Batting: LHB Héctor Soto
|
0-0: Called Strike 0-1: Ball 1-1: Foul Ball, location: 2F 1-2: Ball 2-2: Strikes out swinging
|
Pitching: RHP Robbie O'Neil
|
|
Batting: RHB Sam Wallace
|
0-0: Called Strike 0-1: Ball 1-1: Swinging Strike 1-2: Foul Ball, location: 2F 1-2: Foul Ball, location: 2F 1-2: Ball 2-2: Strikes out swinging
|
Batting: LHB Phil Neal
|
0-0: Ball 1-0: Swinging Strike 1-1: Ball 2-1: Foul Ball, location: 2F 2-2: Strikes out swinging
|
Top of the 8th over - 0 run(s), 0 hit(s), 0 error(s), 0 left on base; Albuquerque 4 - Gresham 5 |
BOTTOM OF THE 8TH |
Gresham Gold Souls batting - Pitching for Albuquerque Isotopes : RHP Germán Hernández
|
Batting: RHB Jack Snyder
|
0-0: Foul Ball, location: 2F 0-1: Ball 1-1: Ball 2-1: Swinging Strike 2-2: Foul Ball, location: 2F 2-2: Strikes out swinging
|
Batting: RHB Matt Davidson
|
0-0: Foul Ball, location: 2F 0-1: Swinging Strike 0-2: Foul Ball, location: 2F 0-2: Strikes out swinging
|
Batting: RHB Tom Hughes
|
0-0: Foul Ball, location: 2F 0-1: Ball 1-1: Swinging Strike 1-2: Ball 2-2: Fly out, F9 (Flyball, 89M)
|
Bottom of the 8th over - 0 run(s), 0 hit(s), 0 error(s), 0 left on base; Albuquerque 4 - Gresham 5 |
TOP OF THE 9TH |
Albuquerque Isotopes batting - Pitching for Gresham Gold Souls : RHP Robbie O'Neil
|
Pitching: RHP León Trevino
|
|
Now in LF: Anthony Wells
|
|
Pinch Hitting: RHB Will Lott
|
0-0: Swinging Strike 0-1: Foul Ball, location: 2F 0-2: Ball 1-2: Strikes out swinging
|
Pinch Hitting: LHB Juan Carlos Sánchez
|
0-0: Swinging Strike 0-1: Foul Ball, location: 2F 0-2: Ball 1-2: SINGLE (Groundball, 3D)
|
Batting: LHB Fernando Ortíz
|
0-0: Ball 1-0: Swinging Strike 1-1: Foul Ball, location: 2F 1-2: Hit by Pitch Juan Carlos Sánchez to second
|
Pinch Runner at 2nd Lorenzo Ayala:
|
|
Batting: SHB Edward Bartlett
|
0-0: Called Strike 0-1: Ball Wild Pitch! Lorenzo Ayala to third Fernando Ortíz to second 1-1: Foul Ball, location: 2F 1-2: Ground out 6-3 (Groundball, 6M)
|
Batting: LHB Bernardo Montés
|
0-0: Called Strike 0-1: Swinging Strike 0-2: Ball 1-2: Ball 2-2: Strikes out swinging
|
Top of the 9th over - 0 run(s), 1 hit(s), 0 error(s), 2 left on base; Albuquerque 4 - Gresham 5 |
|